Maple Leafs vs Rangers

Created - 18 janvier 2024 at 19:59

Goals
1 2 3 T
Maple Leafs 0 1 1 2
Rangers 3 1 1 5
Shots
1 2 3 T
Maple Leafs 4 10 11 25
Rangers 15 9 13 37

GoalsPenalties
1st period
1. Rangers , Roope Hintz 21 (Chandler Stephenson 25, Adam Pelech 7) at 11:43
2. Rangers , Roope Hintz 22 (Kyle Connor 24, Chandler Stephenson 26) at 16:46 (PP)
3. Rangers , Roope Hintz 23 (Chandler Stephenson 27, Kyle Connor 25) at 17:52 (PP)
Linus Karlsson (TOR) for High sticking (Minor) at 16:31
Andrei Svechnikov (TOR) for High sticking (Minor) at 17:42
2nd period
4. Rangers , Kyle Connor 17 (Chandler Stephenson 28) at 11:42
5. Maple Leafs , Mattias Janmark 8 (Ben Hutton 1, Michael McCarron 3) at 18:25
Mikhail Sergachev (TOR) for Roughing (Minor) at 0:51
Carter Verhaeghe (NYR) for Fighting (Major) at 17:18
Andrei Svechnikov (TOR) for Fighting (Major) at 17:18
3rd period
6. Maple Leafs , Ryan Johansen 11 (Jesper Bratt 17) at 14:42 (PP)
7. Rangers , Carter Verhaeghe 17 (Alexander Barabanov 23, Nick Jensen 8) at 16:19
Dakota Joshua (NYR) for Interference (Minor) at 1:44
Nick Jensen (NYR) for Tripping (Minor) at 6:51
Dakota Joshua (NYR) for Hooking (Minor) at 14:38
Goalie Stats
Pyotr Kochetkov (TOR), 32 saves from 37 shots - (0,865), L, 10-8-3, 60:00 minutes
Frederik Andersen (NYR), 23 saves from 25 shots - (0,920), W, 18-8-4, 60:00 minutes
3 StarsOfficial
1 - Roope Hintz (NYR)
2 - Kyle Connor (NYR)
3 - Chandler Stephenson (NYR)
Referees : Terry Koharski and Adam Bloski
Linesman : Julien Fournier and Devin Berg
Game Note
Roope Hintz has scored a Hat Trick!
Carter Verhaeghe and Andrei Svechnikov fight to a draw at 17:18 of 2nd period
Finance
Level 1 -- Attendance: 6000 (100,00%) -- Ticket Income $600,000
Level 2 -- Attendance: 5000 (100,00%) -- Ticket Income $300,000
Level 3 -- Attendance: 2000 (100,00%) -- Ticket Income $70,000
Level 4 -- Attendance: 4000 (100,00%) -- Ticket Income $80,000
Luxury Box -- Attendance: 1000 (100,00%) -- Ticket Income $200,000
Game was played at the Blue Shirt Stadium.
Total Attendance: 18000 (100,00%)
Total Ticket Income: $1,250,000
Other Income: $612,500
Total Income: $1,862,500



Team Name Goals Shots Shots Attemp Shots Blocked PIM HIT PP PK FO%
Maple Leafs 22557611231 / 3 (33%)238%
Rangers 537521411242 / 3 (67%)162%

Maple Leafs
Player Name POS G A P +/- PIM HIT SHT SB MP PP MP PP SHT PK MP PK SHT FO% FOT GA TA
Alex IafalloC/LW0000001014:220:0000:1100% 001
Alexander RomanovD0000021221:591:2801:3300% 002
Andrei SvechnikovLW/RW000-2752016:531:5400:4000% 200
Ben HuttonD0110022015:150:0000:5100% 001
Cam FowlerD0000012221:451:2801:1900% 010
Connor BedardC000-2002018:022:1000:00052% 2310
Eric StaalC/LW000-1041012:590:0000:1900% 000
Hampus LindholmD000-2010123:402:3400:5400% 000
Jesper BrattLW/RW0110002016:522:1120:0000% 500
Jonas RondbjergLW/RW0001011012:170:0001:2500% 000
Kaapo KakkoRW000-1021014:291:4900:0000% 011
Linus KarlssonC000-1200012:390:0000:00033% 600
Mattias JanmarkC/LW/RW1011002011:390:0000:4800% 000
Michael McCarronC/RW0111013010:510:0000:00050% 400
Mikhail SergachevD000-2200022:462:3400:0000% 001
Nikolaj EhlersRW000-2014018:022:1010:0000% 112
Ryan JohansenC/RW1010011118:271:5211:25037% 1901
Timothy LiljegrenD0000020014:350:0000:1100% 000
Rangers
Player Name POS G A P +/- PIM HIT SHT SB MP PP MP PP SHT PK MP PK SHT FO% FOT GA TA
Adam PelechD0110020223:490:0002:4000% 002
Adam RuzickaC/LW/RW0000000010:140:0000:00033% 300
Alexander BarabanovLW/RW0110013017:500:5500:3100% 030
Arthur KaliyevLW/RW0000000010:320:0000:0000% 000
Carter VerhaegheC/LW1011534115:550:5500:05050% 210
Chandler StephensonC/LW/RW0442015118:331:2910:43066% 2900
Dakota JoshuaC/LW0000422010:480:0000:2300% 000
David KampfC/RW0000002012:540:0002:22073% 1100
Dylan SambergD0001020011:110:0000:0000% 000
Erik KarlssonD0000023223:541:2902:2120% 000
Kyle ConnorC/LW1232034019:101:2900:4700% 040
Nazem KadriC/LW/RW0000023017:190:5500:00050% 1410
Nick JensenD0111231224:340:5501:1100% 001
Noah DobsonD0001010012:360:5500:3000% 000
Philip TomasinoC/LW/RW0000000010:320:0000:0000% 000
Rasmus AnderssonD0001011424:051:2901:2200% 001
Roope HintzC/LW/RW3031009219:291:2921:010100% 100
Tyler MotteC/LW/RW0000010012:340:0002:1700% 000

Maple Leafs

5 vs 5 Forward
Line #Left WingCenterRight WingPHYDFOFWanted %Time %Time Play
1Andrei SvechnikovConnor BedardNikolaj Ehlers0323430%15:53
2Alex IafalloRyan JohansenJesper Bratt0323126%14:10
3Eric StaalLinus KarlssonKaapo Kakko0412524%12:40
4Jonas RondbjergMichael McCarronMattias Janmark2211020%10:51
5 vs 5 Defense
Line #DefenseDefensePHYDFOFWanted %Time %Time Play
1Hampus LindholmMikhail Sergachev0323534%18:16
2Alexander RomanovCam Fowler0323535%18:59
3Timothy LiljegrenBen Hutton0323027%14:23
4Hampus LindholmMikhail Sergachev03204%1:56
Power Play Forward
Line #Left WingCenterRight WingPHYDFOFWanted %Time %Time Play
1Andrei SvechnikovConnor BedardNikolaj Ehlers0145054%2:10
2Jesper BrattRyan JohansenKaapo Kakko0145046%1:52
Power Play Defense
Line #DefenseDefensePHYDFOFWanted %Time %Time Play
1Hampus LindholmMikhail Sergachev0146064%2:34
2Alexander RomanovCam Fowler0144036%1:28
Penalty Kill 4 Players Forward
Line #CenterWingPHYDFOFWanted %Time %Time Play
1Ryan JohansenJonas Rondbjerg1226087%2:05
2Eric StaalMattias Janmark1224013%0:19
Penalty Kill 4 Players Defense
Line #DefenseDefensePHYDFOFWanted %Time %Time Play
1Cam FowlerAlexander Romanov1226055%1:19
2Hampus LindholmMikhail Sergachev1224045%1:05
Penalty Kill 3 Players
Line #WingPHYDFOFWanted %Time %Time PlayDefenseDefensePHYDFOFWanted %Time %Time Play
1Ryan Johansen050600%0:00 Alexander RomanovCam Fowler041600%0:00
2Eric Staal050400%0:00 Hampus LindholmMikhail Sergachev041400%0:00
4 vs 4 Forward
Line #CenterWingPHYDFOFWanted %Time %Time Play
1Ryan JohansenKaapo Kakko122600%0:00
2Linus KarlssonJesper Bratt122400%0:00
4 vs 4 Defense
Line #DefensePHYDFOFWanted %Time %Time Play
1Mikhail SergachevHampus Lindholm122600%0:00
2Alexander RomanovCam Fowler122400%0:00
Last Minutes Offensive
Left WingCenterRight WingDefenseDefense
Andrei SvechnikovConnor BedardJesper BrattMikhail SergachevAlex Iafallo
Last Minutes Defensive
Left WingCenterRight WingDefenseDefense
Jonas RondbjergRyan JohansenEric StaalHampus LindholmMikhail Sergachev
Time
Total ForwardTotal DefenseLast Minutes OffensiveLast Minutes Defensive
60:00 60:00 0:000:00
Extra Forwards
Normal PowerPlayPenalty Kill
Ryan Johansen, Andrei Svechnikov, Jesper BrattAndrei Svechnikov, Jesper BrattRyan Johansen
Extra Defensemen
Normal PowerPlayPenalty Kill
Mikhail Sergachev, Cam Fowler, Alexander RomanovMikhail Sergachev, Alexander RomanovHampus Lindholm
Penalty Shots
Ryan Johansen, Andrei Svechnikov, Connor Bedard, Kaapo Kakko, Cam Fowler
Goalie
Pyotr Kochetkov, Jordan Binnington
Custom OT Lines Forwards
Andrei Svechnikov, Connor Bedard, Nikolaj Ehlers, Jesper Bratt, Alex Iafallo, Kaapo Kakko, Ryan Johansen, Eric Staal, Jonas Rondbjerg, Mattias Janmark
Custom OT Lines Defensemen
Mikhail Sergachev, Hampus Lindholm, Cam Fowler, Alexander Romanov, Timothy Liljegren
Scratches
Braden Schneider (Healthy), Travis Dermott (Healthy)

Rangers

5 vs 5 Forward
Line #Left WingCenterRight WingPHYDFOFWanted %Time %Time Play
1Kyle ConnorChandler StephensonRoope Hintz0143630%16:14
2Carter VerhaegheNazem KadriAlexander Barabanov0143431%16:34
3Philip TomasinoDavid KampfArthur Kaliyev0232320%10:32
4Dakota JoshuaAdam RuzickaTyler Motte041719%10:14
5 vs 5 Defense
Line #DefenseDefensePHYDFOFWanted %Time %Time Play
1Erik KarlssonAdam Pelech0414038%20:24
2Rasmus AnderssonNick Jensen0414039%21:06
3Noah DobsonDylan Samberg0412021%11:11
4Nick JensenAdam Pelech04102%0:53
Power Play Forward
Line #Left WingCenterRight WingPHYDFOFWanted %Time %Time Play
1Kyle ConnorChandler StephensonRoope Hintz0145562%1:29
2Carter VerhaegheNazem KadriAlexander Barabanov0144538%0:55
Power Play Defense
Line #DefenseDefensePHYDFOFWanted %Time %Time Play
1Erik KarlssonRasmus Andersson0236062%1:29
2Nick JensenNoah Dobson0234038%0:55
Penalty Kill 4 Players Forward
Line #CenterWingPHYDFOFWanted %Time %Time Play
1David KampfTyler Motte0506082%3:19
2Chandler StephensonDakota Joshua0504018%0:43
Penalty Kill 4 Players Defense
Line #DefenseDefensePHYDFOFWanted %Time %Time Play
1Adam PelechNick Jensen0506079%3:10
2Erik KarlssonRasmus Andersson0504021%0:52
Penalty Kill 3 Players
Line #WingPHYDFOFWanted %Time %Time PlayDefenseDefensePHYDFOFWanted %Time %Time Play
1David Kampf050600%0:00 Adam PelechNick Jensen050600%0:00
2Chandler Stephenson050400%0:00 Erik KarlssonRasmus Andersson050400%0:00
4 vs 4 Forward
Line #CenterWingPHYDFOFWanted %Time %Time Play
1Nazem KadriRoope Hintz032550%0:00
2Chandler StephensonKyle Connor032450%0:00
4 vs 4 Defense
Line #DefensePHYDFOFWanted %Time %Time Play
1Nick JensenRasmus Andersson032600%0:00
2Adam PelechErik Karlsson032400%0:00
Last Minutes Offensive
Left WingCenterRight WingDefenseDefense
Kyle ConnorChandler StephensonRoope HintzErik KarlssonRasmus Andersson
Last Minutes Defensive
Left WingCenterRight WingDefenseDefense
Tyler MotteDavid KampfDakota JoshuaAdam PelechNick Jensen
Time
Total ForwardTotal DefenseLast Minutes OffensiveLast Minutes Defensive
60:00 60:00 0:000:00
Extra Forwards
Normal PowerPlayPenalty Kill
Nazem Kadri, Roope Hintz, Chandler StephensonCarter Verhaeghe, Chandler StephensonRoope Hintz
Extra Defensemen
Normal PowerPlayPenalty Kill
Adam Pelech, Nick Jensen, Erik KarlssonNoah Dobson, Erik KarlssonNick Jensen
Penalty Shots
Nazem Kadri, Roope Hintz, David Kampf, Kyle Connor, Chandler Stephenson
Goalie
Frederik Andersen, Philipp Grubauer
Custom OT Lines Forwards
Kyle Connor, Nazem Kadri, Carter Verhaeghe, Alexander Barabanov, Roope Hintz, Philip Tomasino, Chandler Stephenson, David Kampf, Arthur Kaliyev, Tyler Motte
Custom OT Lines Defensemen
Rasmus Andersson, Nick Jensen, Adam Pelech, Erik Karlsson, Noah Dobson
Scratches
Jordan Oesterle (Healthy), Sheldon Dries (Healthy)


Play-by-Play

1st period


0:01 of 1st period - Chandler Stephenson wins face-off versus Nikolaj Ehlers in neutral zone.
0:06 of 1st period - Wrist shot by Roope Hintz.
0:06 of 1st period - Stopped by Pyotr Kochetkov with a rebound.
0:12 of 1st period - Slapshot by Roope Hintz.
0:12 of 1st period - Stopped by Pyotr Kochetkov without a rebound.
0:13 of 1st period - Nazem Kadri wins face-off versus Ryan Johansen in Maple Leafs zone.
1:11 of 1st period - Wrist shot by Connor Bedard.
1:11 of 1st period - Stopped by Frederik Andersen without a rebound.
1:12 of 1st period - Chandler Stephenson wins face-off versus Michael McCarron in Rangers zone.
2:53 of 1st period - Icing by Adam Pelech.
2:54 of 1st period - Connor Bedard wins face-off versus Adam Ruzicka in Rangers zone.
3:42 of 1st period - Slapshot by Roope Hintz.
3:42 of 1st period - Stopped by Pyotr Kochetkov with a rebound.
3:48 of 1st period - Slapshot by Kyle Connor.
3:48 of 1st period - Stopped by Pyotr Kochetkov with a rebound.
3:50 of 1st period - Slapshot by Roope Hintz.
3:50 of 1st period - Shot Misses the Net.
5:09 of 1st period - David Kampf is hit by Hampus Lindholm and loses puck.
5:18 of 1st period - David Kampf is hit by Kaapo Kakko and loses puck.
5:37 of 1st period - Carter Verhaeghe is hit by Nikolaj Ehlers and loses puck.
6:06 of 1st period - Snap shot by Kyle Connor.
6:06 of 1st period - Deflect By Roope Hintz.
6:06 of 1st period - Shot Misses the Net.
6:06 of 1st period - Puck is out of play.
6:07 of 1st period - David Kampf wins face-off versus Connor Bedard in Maple Leafs zone.
6:33 of 1st period - Kaapo Kakko is hit by Kyle Connor and loses puck.
7:19 of 1st period - Icing by Hampus Lindholm.
7:20 of 1st period - Adam Ruzicka wins face-off versus Michael McCarron in Maple Leafs zone.
7:23 of 1st period - Snap shot by Adam Ruzicka.
7:23 of 1st period - Shot Misses the Net.
7:41 of 1st period - Jonas Rondbjerg is hit by Nick Jensen and loses puck.
8:12 of 1st period - Mikhail Sergachev is hit by Dakota Joshua and loses puck.
8:53 of 1st period - Mikhail Sergachev is hit by Dakota Joshua.
9:03 of 1st period - Rasmus Andersson is hit by Michael McCarron and loses puck.
9:50 of 1st period - Hampus Lindholm is hit by Tyler Motte and loses puck.
10:25 of 1st period - Snap shot by Adam Ruzicka.
10:25 of 1st period - Deflect By Dakota Joshua.
10:25 of 1st period - Stopped by Pyotr Kochetkov without a rebound.
10:26 of 1st period - Chandler Stephenson wins face-off versus Andrei Svechnikov in Maple Leafs zone.
10:27 of 1st period - Wrist shot by Kyle Connor.
10:27 of 1st period - Deflect By Chandler Stephenson.
10:27 of 1st period - Shot Misses the Net.
10:27 of 1st period - Puck is out of play.
10:28 of 1st period - Connor Bedard wins face-off versus Chandler Stephenson in Maple Leafs zone.
11:37 of 1st period - Wrist shot by Chandler Stephenson.
11:37 of 1st period - Shot Misses the Net.
11:43 of 1st period - Wrist shot by Roope Hintz.
11:43 of 1st period - Goal by Roope Hintz - Maple Leafs : 0 - Rangers : 1.
11:44 of 1st period - Connor Bedard wins face-off versus Chandler Stephenson in neutral zone.
11:55 of 1st period - Wrist shot by Kyle Connor.
11:55 of 1st period - Deflect By Chandler Stephenson.
11:55 of 1st period - Stopped by Pyotr Kochetkov with a rebound.
12:44 of 1st period - Nazem Kadri is hit by Eric Staal and loses puck.
12:55 of 1st period - Dylan Samberg is hit by Andrei Svechnikov and loses puck.
13:22 of 1st period - Slapshot by Alexander Barabanov.
13:22 of 1st period - Shot Misses the Net.
13:38 of 1st period - Snap shot by Carter Verhaeghe.
13:38 of 1st period - Stopped by Pyotr Kochetkov with a rebound.
13:54 of 1st period - Snap shot by Nazem Kadri.
13:54 of 1st period - Stopped by Pyotr Kochetkov with a rebound.
14:11 of 1st period - Connor Bedard is hit by Erik Karlsson and loses puck.
14:17 of 1st period - Off-side.
14:18 of 1st period - Chandler Stephenson wins face-off versus Ryan Johansen in neutral zone.
14:29 of 1st period - Wrist shot by Ryan Johansen.
14:29 of 1st period - Shot Misses the Net.
14:31 of 1st period - Slapshot by Alexander Romanov.
14:31 of 1st period - Stopped by Frederik Andersen with a rebound.
14:43 of 1st period - Snap shot by Kaapo Kakko.
14:43 of 1st period - Stopped by Frederik Andersen without a rebound.
14:44 of 1st period - David Kampf wins face-off versus Linus Karlsson in Rangers zone.
14:56 of 1st period - Arthur Kaliyev is hit by Eric Staal.
15:08 of 1st period - Slapshot by Arthur Kaliyev.
15:08 of 1st period - Deflect By David Kampf.
15:08 of 1st period - Stopped by Pyotr Kochetkov with a rebound.
15:37 of 1st period - Snap shot by Kaapo Kakko.
15:37 of 1st period - Shot Misses the Net.
15:52 of 1st period - Slapshot by Philip Tomasino.
15:52 of 1st period - Shot Blocked by Hampus Lindholm.
16:31 of 1st period - Minor Penalty to Linus Karlsson for High sticking.
16:32 of 1st period - Chandler Stephenson wins face-off versus Ryan Johansen in Maple Leafs zone.
16:44 of 1st period - Wrist shot by Kyle Connor.
16:44 of 1st period - Shot Hit the Post.
16:46 of 1st period - Snap shot by Roope Hintz.
16:46 of 1st period - Goal by Roope Hintz - Maple Leafs : 0 - Rangers : 2.
16:47 of 1st period - Chandler Stephenson wins face-off versus Jesper Bratt in neutral zone.
16:54 of 1st period - Wrist shot by Roope Hintz.
16:54 of 1st period - Stopped by Pyotr Kochetkov with a rebound.
17:08 of 1st period - Alex Iafallo is hit by Kyle Connor and loses puck.
17:25 of 1st period - Wrist shot by Alex Iafallo.
17:25 of 1st period - Stopped by Frederik Andersen without a rebound.
17:26 of 1st period - Connor Bedard wins face-off versus Nazem Kadri in Rangers zone.
17:27 of 1st period - Wrist shot by Nikolaj Ehlers.
17:27 of 1st period - Deflect By Connor Bedard.
17:27 of 1st period - Shot Misses the Net.
17:27 of 1st period - Puck is out of play.
17:28 of 1st period - Nazem Kadri wins face-off versus Connor Bedard in Rangers zone.
17:28 of 1st period - Nazem Kadri is hit by Andrei Svechnikov.
17:40 of 1st period - Snap shot by Carter Verhaeghe.
17:40 of 1st period - Stopped by Pyotr Kochetkov with a rebound.
17:42 of 1st period - Minor Penalty to Andrei Svechnikov for High sticking.
17:43 of 1st period - Chandler Stephenson wins face-off versus Ryan Johansen in Maple Leafs zone.
17:48 of 1st period - Snap shot by Chandler Stephenson.
17:48 of 1st period - Stopped by Pyotr Kochetkov with a rebound.
17:50 of 1st period - Wrist shot by Chandler Stephenson.
17:50 of 1st period - Shot Blocked by Ryan Johansen.
17:52 of 1st period - Snap shot by Roope Hintz.
17:52 of 1st period - Goal by Roope Hintz - Maple Leafs : 0 - Rangers : 3.
17:53 of 1st period - Chandler Stephenson wins face-off versus Ryan Johansen in neutral zone.
18:32 of 1st period - Connor Bedard is hit by Carter Verhaeghe and loses puck.
18:58 of 1st period - David Kampf is hit by Eric Staal and loses puck.
19:11 of 1st period - Wrist shot by Jesper Bratt.
19:11 of 1st period - Shot Blocked by Roope Hintz.
19:13 of 1st period - Snap shot by Jesper Bratt.
19:13 of 1st period - Shot Misses the Net.
19:15 of 1st period - Snap shot by Ryan Johansen.
19:15 of 1st period - Shot Misses the Net.
19:17 of 1st period - Snap shot by Jesper Bratt.
19:17 of 1st period - Shot Misses the Net.
19:19 of 1st period - Wrist shot by Jesper Bratt.
19:19 of 1st period - Shot Misses the Net.
19:29 of 1st period - Dylan Samberg is hit by Andrei Svechnikov and loses puck.
19:36 of 1st period - Snap shot by Kyle Connor.
19:36 of 1st period - Shot Blocked by Cam Fowler.
19:50 of 1st period - Michael McCarron is hit by Carter Verhaeghe and loses puck.
Goals for this period are 0 for Maple Leafs vs 3 for Rangers.
Shots for this period are 4 for Maple Leafs vs 15 for Rangers.

2nd period


0:01 of 2nd period - Chandler Stephenson wins face-off versus Ryan Johansen in neutral zone.
0:08 of 2nd period - Wrist shot by Roope Hintz.
0:08 of 2nd period - Stopped by Pyotr Kochetkov without a rebound.
0:09 of 2nd period - Chandler Stephenson wins face-off versus Ryan Johansen in Maple Leafs zone.
0:16 of 2nd period - Slapshot by Chandler Stephenson.
0:16 of 2nd period - Stopped by Pyotr Kochetkov with a rebound.
0:27 of 2nd period - Off-side.
0:28 of 2nd period - Nazem Kadri wins face-off versus Connor Bedard in neutral zone.
0:51 of 2nd period - Minor Penalty to Mikhail Sergachev for Roughing.
0:52 of 2nd period - Ryan Johansen wins face-off versus Chandler Stephenson in Maple Leafs zone.
2:51 of 2nd period - Penalty to Mikhail Sergachev is over, Mikhail Sergachev is back on ice.
2:57 of 2nd period - Eric Staal is hit by Rasmus Andersson and loses puck.
3:52 of 2nd period - Adam Pelech is hit by Ben Hutton and loses puck.
5:36 of 2nd period - Kyle Connor is hit by Cam Fowler.
6:16 of 2nd period - Philip Tomasino is hit by Timothy Liljegren and loses puck.
6:44 of 2nd period - Noah Dobson is hit by Alexander Romanov and loses puck.
7:17 of 2nd period - Dakota Joshua is hit by Jonas Rondbjerg and loses puck.
7:47 of 2nd period - Dylan Samberg is hit by Eric Staal and loses puck.
8:11 of 2nd period - David Kampf is hit by Andrei Svechnikov and loses puck.
8:39 of 2nd period - Icing by Philip Tomasino.
8:40 of 2nd period - David Kampf wins face-off versus Ryan Johansen in Rangers zone.
9:13 of 2nd period - Snap shot by Andrei Svechnikov.
9:13 of 2nd period - Stopped by Frederik Andersen without a rebound.
9:14 of 2nd period - Nazem Kadri wins face-off versus Ryan Johansen in Rangers zone.
9:18 of 2nd period - Off-side.
9:19 of 2nd period - Ryan Johansen wins face-off versus Nazem Kadri in neutral zone.
9:24 of 2nd period - Slapshot by Mikhail Sergachev.
9:24 of 2nd period - Shot Blocked by Erik Karlsson.
9:29 of 2nd period - Off-side.
9:30 of 2nd period - Connor Bedard wins face-off versus Chandler Stephenson in neutral zone.
9:33 of 2nd period - Wrist shot by Nikolaj Ehlers.
9:33 of 2nd period - Shot Blocked by Erik Karlsson.
9:35 of 2nd period - Slapshot by Cam Fowler.
9:35 of 2nd period - Deflect By Connor Bedard.
9:35 of 2nd period - Stopped by Frederik Andersen with a rebound.
9:37 of 2nd period - Slapshot by Andrei Svechnikov.
9:37 of 2nd period - Stopped by Frederik Andersen with a rebound.
9:39 of 2nd period - Wrist shot by Nikolaj Ehlers.
9:39 of 2nd period - Shot Misses the Net.
10:00 of 2nd period - Slapshot by Carter Verhaeghe.
10:00 of 2nd period - Deflect By Mikhail Sergachev.
10:00 of 2nd period - Stopped by Pyotr Kochetkov with a rebound.
10:02 of 2nd period - Snap shot by Nazem Kadri.
10:02 of 2nd period - Stopped by Pyotr Kochetkov with a rebound.
10:20 of 2nd period - Wrist shot by Eric Staal.
10:20 of 2nd period - Stopped by Frederik Andersen without a rebound.
10:21 of 2nd period - Linus Karlsson wins face-off versus Chandler Stephenson in Rangers zone.
10:55 of 2nd period - Slapshot by Connor Bedard.
10:55 of 2nd period - Shot Misses the Net.
10:57 of 2nd period - Backhand shot by Ben Hutton.
10:57 of 2nd period - Deflect By Nazem Kadri.
10:57 of 2nd period - Stopped by Frederik Andersen with a rebound.
11:06 of 2nd period - Icing by Nazem Kadri.
11:07 of 2nd period - Nazem Kadri wins face-off versus Ryan Johansen in Rangers zone.
11:16 of 2nd period - Wrist shot by Chandler Stephenson.
11:16 of 2nd period - Stopped by Pyotr Kochetkov without a rebound.
11:17 of 2nd period - Chandler Stephenson wins face-off versus Connor Bedard in Maple Leafs zone.
11:42 of 2nd period - Snap shot by Kyle Connor.
11:42 of 2nd period - Goal by Kyle Connor - Maple Leafs : 0 - Rangers : 4.
11:43 of 2nd period - Chandler Stephenson wins face-off versus Connor Bedard in neutral zone.
11:48 of 2nd period - Wrist shot by Erik Karlsson.
11:48 of 2nd period - Stopped by Pyotr Kochetkov with a rebound.
12:41 of 2nd period - Snap shot by Hampus Lindholm.
12:41 of 2nd period - Shot Blocked by Rasmus Andersson.
12:43 of 2nd period - Snap shot by Michael McCarron.
12:43 of 2nd period - Stopped by Frederik Andersen without a rebound.
12:44 of 2nd period - Chandler Stephenson wins face-off versus Ryan Johansen in Rangers zone.
14:24 of 2nd period - Adam Pelech is hit by Andrei Svechnikov.
14:54 of 2nd period - Carter Verhaeghe is hit by Ben Hutton and loses puck.
15:37 of 2nd period - Michael McCarron is hit by Adam Pelech and loses puck.
15:48 of 2nd period - Jonas Rondbjerg is hit by Carter Verhaeghe and loses puck.
16:16 of 2nd period - Slapshot by Jonas Rondbjerg.
16:16 of 2nd period - Stopped by Frederik Andersen without a rebound.
16:17 of 2nd period - Nazem Kadri wins face-off versus Connor Bedard in Rangers zone.
16:28 of 2nd period - Andrei Svechnikov is hit by Nazem Kadri and loses puck.
16:45 of 2nd period - Snap shot by Kyle Connor.
16:45 of 2nd period - Stopped by Pyotr Kochetkov without a rebound.
16:46 of 2nd period - Ryan Johansen wins face-off versus Chandler Stephenson in Maple Leafs zone.
17:01 of 2nd period - Slapshot by Chandler Stephenson.
17:01 of 2nd period - Stopped by Pyotr Kochetkov without a rebound.
17:02 of 2nd period - Connor Bedard wins face-off versus Carter Verhaeghe in Maple Leafs zone.
17:18 of 2nd period - Carter Verhaeghe and Andrei Svechnikov fight to a draw.
17:18 of 2nd period - Penalty to Carter Verhaeghe for Fighting.
17:18 of 2nd period - Penalty to Andrei Svechnikov for Fighting.
17:19 of 2nd period - Chandler Stephenson wins face-off versus Connor Bedard in Maple Leafs zone.
17:44 of 2nd period - Eric Staal is hit by Nazem Kadri and loses puck.
18:16 of 2nd period - Icing by Jonas Rondbjerg.
18:17 of 2nd period - Michael McCarron wins face-off versus Nazem Kadri in Maple Leafs zone.
18:17 of 2nd period - Michael McCarron is hit by Adam Pelech.
18:25 of 2nd period - Snap shot by Mattias Janmark.
18:25 of 2nd period - Goal by Mattias Janmark - Maple Leafs : 1 - Rangers : 4.
18:26 of 2nd period - Ryan Johansen wins face-off versus Chandler Stephenson in neutral zone.
18:51 of 2nd period - Hampus Lindholm is hit by Erik Karlsson.
19:14 of 2nd period - Slapshot by Philip Tomasino.
19:14 of 2nd period - Shot Blocked by Alexander Romanov.
19:38 of 2nd period - Snap shot by Nikolaj Ehlers.
19:38 of 2nd period - Stopped by Frederik Andersen without a rebound.
19:39 of 2nd period - Ryan Johansen wins face-off versus Nazem Kadri in Rangers zone.
19:48 of 2nd period - Slapshot by Jesper Bratt.
19:48 of 2nd period - Shot Misses the Net.
19:50 of 2nd period - Snap shot by Ryan Johansen.
19:50 of 2nd period - Shot Blocked by Rasmus Andersson.
19:52 of 2nd period - Wrist shot by Ryan Johansen.
19:52 of 2nd period - Deflect By Jesper Bratt.
19:52 of 2nd period - Shot Misses the Net.
19:52 of 2nd period - Puck is out of play.
19:53 of 2nd period - Connor Bedard wins face-off versus Chandler Stephenson in Rangers zone.
19:54 of 2nd period - Slapshot by Nikolaj Ehlers.
19:54 of 2nd period - Shot Blocked by Rasmus Andersson.
19:56 of 2nd period - Slapshot by Ben Hutton.
19:56 of 2nd period - Stopped by Frederik Andersen without a rebound.
19:57 of 2nd period - Roope Hintz wins face-off versus Connor Bedard in Rangers zone.
Goals for this period are 1 for Maple Leafs vs 1 for Rangers.
Shots for this period are 10 for Maple Leafs vs 9 for Rangers.

3rd period


0:01 of 3rd period - Chandler Stephenson wins face-off versus Ryan Johansen in neutral zone.
0:25 of 3rd period - Nikolaj Ehlers is hit by Kyle Connor and loses puck.
0:30 of 3rd period - Slapshot by Alexander Barabanov.
0:30 of 3rd period - Stopped by Pyotr Kochetkov with a rebound.
0:41 of 3rd period - Off-side.
0:42 of 3rd period - David Kampf wins face-off versus Linus Karlsson in neutral zone.
1:17 of 3rd period - Roope Hintz is hit by Alexander Romanov and loses puck.
1:36 of 3rd period - Slapshot by Michael McCarron.
1:36 of 3rd period - Stopped by Frederik Andersen with a rebound.
1:38 of 3rd period - Backhand shot by Mattias Janmark.
1:38 of 3rd period - Shot Blocked by Rasmus Andersson.
1:44 of 3rd period - Minor Penalty to Dakota Joshua for Interference.
1:45 of 3rd period - Connor Bedard wins face-off versus David Kampf in Rangers zone.
1:54 of 3rd period - Snap shot by Jesper Bratt.
1:54 of 3rd period - Stopped by Frederik Andersen with a rebound.
1:56 of 3rd period - Snap shot by Nikolaj Ehlers.
1:56 of 3rd period - Stopped by Frederik Andersen with a rebound.
1:58 of 3rd period - Slapshot by Hampus Lindholm.
1:58 of 3rd period - Shot Blocked by Nick Jensen.
2:10 of 3rd period - Wrist shot by Jesper Bratt.
2:10 of 3rd period - Stopped by Frederik Andersen without a rebound.
2:11 of 3rd period - David Kampf wins face-off versus Jesper Bratt in Rangers zone.
2:18 of 3rd period - Penalty to Carter Verhaeghe is over, Carter Verhaeghe is back on ice.
2:39 of 3rd period - Cam Fowler is hit by Nick Jensen and loses puck.
3:44 of 3rd period - Penalty to Dakota Joshua is over, Dakota Joshua is back on ice.
3:58 of 3rd period - Slapshot by Alexander Barabanov.
3:58 of 3rd period - Stopped by Pyotr Kochetkov with a rebound.
4:00 of 3rd period - Snap shot by Nazem Kadri.
4:00 of 3rd period - Stopped by Pyotr Kochetkov with a rebound.
4:10 of 3rd period - David Kampf is hit by Kaapo Kakko and loses puck.
4:56 of 3rd period - Roope Hintz is hit by Timothy Liljegren and loses puck.
5:09 of 3rd period - Snap shot by Roope Hintz.
5:09 of 3rd period - Stopped by Pyotr Kochetkov without a rebound.
5:10 of 3rd period - Carter Verhaeghe wins face-off versus Andrei Svechnikov in Maple Leafs zone.
5:52 of 3rd period - Snap shot by Kaapo Kakko.
5:52 of 3rd period - Shot Blocked by Adam Pelech.
5:54 of 3rd period - Snap shot by Cam Fowler.
5:54 of 3rd period - Stopped by Frederik Andersen without a rebound.
5:55 of 3rd period - Chandler Stephenson wins face-off versus Linus Karlsson in Rangers zone.
6:38 of 3rd period - Wrist shot by Eric Staal.
6:38 of 3rd period - Shot Blocked by Nick Jensen.
6:51 of 3rd period - Minor Penalty to Nick Jensen for Tripping.
6:52 of 3rd period - David Kampf wins face-off versus Connor Bedard in Rangers zone.
7:30 of 3rd period - Snap shot by Erik Karlsson.
7:30 of 3rd period - Stopped by Pyotr Kochetkov with a rebound.
8:11 of 3rd period - Icing by Mikhail Sergachev.
8:12 of 3rd period - David Kampf wins face-off versus Jesper Bratt in Maple Leafs zone.
8:19 of 3rd period - Slapshot by Mikhail Sergachev.
8:19 of 3rd period - Shot Misses the Net.
8:42 of 3rd period - Snap shot by Erik Karlsson.
8:42 of 3rd period - Deflect By Cam Fowler.
8:42 of 3rd period - Stopped by Pyotr Kochetkov with a rebound.
8:51 of 3rd period - Penalty to Nick Jensen is over, Nick Jensen is back on ice.
8:54 of 3rd period - Slapshot by Mattias Janmark.
8:54 of 3rd period - Shot Blocked by Adam Pelech.
8:56 of 3rd period - Snap shot by Mattias Janmark.
8:56 of 3rd period - Stopped by Frederik Andersen with a rebound.
8:58 of 3rd period - Wrist shot by Ben Hutton.
8:58 of 3rd period - Shot Blocked by Chandler Stephenson.
9:00 of 3rd period - Slapshot by Timothy Liljegren.
9:00 of 3rd period - Deflect By Michael McCarron.
9:00 of 3rd period - Shot Misses the Net.
9:00 of 3rd period - Puck is out of play.
9:01 of 3rd period - Michael McCarron wins face-off versus Nazem Kadri in Rangers zone.
9:10 of 3rd period - Slapshot by Michael McCarron.
9:10 of 3rd period - Stopped by Frederik Andersen without a rebound.
9:11 of 3rd period - Connor Bedard wins face-off versus Nazem Kadri in Rangers zone.
9:16 of 3rd period - Slapshot by Nikolaj Ehlers.
9:16 of 3rd period - Stopped by Frederik Andersen without a rebound.
9:17 of 3rd period - Connor Bedard wins face-off versus Chandler Stephenson in Rangers zone.
9:22 of 3rd period - Snap shot by Andrei Svechnikov.
9:22 of 3rd period - Shot Misses the Net.
9:24 of 3rd period - Slapshot by Hampus Lindholm.
9:24 of 3rd period - Shot Misses the Net.
9:33 of 3rd period - Snap shot by Connor Bedard.
9:33 of 3rd period - Shot Blocked by Roope Hintz.
9:45 of 3rd period - Mikhail Sergachev is hit by Alexander Barabanov and loses puck.
9:51 of 3rd period - Off-side.
9:52 of 3rd period - Connor Bedard wins face-off versus Nazem Kadri in neutral zone.
10:07 of 3rd period - Wrist shot by Nikolaj Ehlers.
10:07 of 3rd period - Shot Blocked by Carter Verhaeghe.
11:43 of 3rd period - Snap shot by Alexander Barabanov.
11:43 of 3rd period - Deflect By Connor Bedard.
11:43 of 3rd period - Stopped by Pyotr Kochetkov with a rebound.
11:45 of 3rd period - Wrist shot by Alexander Barabanov.
11:45 of 3rd period - Shot Blocked by Alexander Romanov.
11:53 of 3rd period - Snap shot by Alexander Barabanov.
11:53 of 3rd period - Deflect By Carter Verhaeghe.
11:53 of 3rd period - Shot Misses the Net.
11:53 of 3rd period - Puck is out of play.
11:54 of 3rd period - Ryan Johansen wins face-off versus Chandler Stephenson in Maple Leafs zone.
11:59 of 3rd period - Jesper Bratt is hit by Nick Jensen and loses puck.
12:08 of 3rd period - Snap shot by Kyle Connor.
12:08 of 3rd period - Shot Misses the Net.
12:10 of 3rd period - Slapshot by Nick Jensen.
12:10 of 3rd period - Stopped by Pyotr Kochetkov without a rebound.
12:11 of 3rd period - Linus Karlsson wins face-off versus David Kampf in Maple Leafs zone.
12:40 of 3rd period - Kyle Connor is hit by Ryan Johansen and loses puck.
13:24 of 3rd period - Off-side.
13:25 of 3rd period - David Kampf wins face-off versus Linus Karlsson in neutral zone.
13:32 of 3rd period - Linus Karlsson is hit by Noah Dobson and loses puck.
13:38 of 3rd period - Mikhail Sergachev is hit by Dylan Samberg and loses puck.
13:51 of 3rd period - Mikhail Sergachev is hit by Dylan Samberg and loses puck.
14:38 of 3rd period - Minor Penalty to Dakota Joshua for Hooking.
14:39 of 3rd period - Ryan Johansen wins face-off versus David Kampf in Rangers zone.
14:42 of 3rd period - Snap shot by Ryan Johansen.
14:42 of 3rd period - Goal by Ryan Johansen - Maple Leafs : 2 - Rangers : 4.
14:43 of 3rd period - Chandler Stephenson wins face-off versus Jesper Bratt in neutral zone.
14:48 of 3rd period - Snap shot by Kyle Connor.
14:48 of 3rd period - Stopped by Pyotr Kochetkov without a rebound.
14:49 of 3rd period - Chandler Stephenson wins face-off versus Jesper Bratt in Maple Leafs zone.
16:19 of 3rd period - Wrist shot by Carter Verhaeghe.
16:19 of 3rd period - Goal by Carter Verhaeghe - Maple Leafs : 2 - Rangers : 5.
16:20 of 3rd period - Chandler Stephenson wins face-off versus Connor Bedard in neutral zone.
16:50 of 3rd period - Slapshot by Cam Fowler.
16:50 of 3rd period - Deflect By Linus Karlsson.
16:50 of 3rd period - Shot Misses the Net.
16:50 of 3rd period - Puck is out of play.
16:51 of 3rd period - Nazem Kadri wins face-off versus Connor Bedard in Rangers zone.
17:04 of 3rd period - Snap shot by Nikolaj Ehlers.
17:04 of 3rd period - Stopped by Frederik Andersen with a rebound.
17:06 of 3rd period - Slapshot by Cam Fowler.
17:06 of 3rd period - Shot Misses the Net.
17:18 of 3rd period - Slapshot by Cam Fowler.
17:18 of 3rd period - Stopped by Frederik Andersen with a rebound.
17:46 of 3rd period - Backhand shot by Tyler Motte.
17:46 of 3rd period - Deflect By Dakota Joshua.
17:46 of 3rd period - Stopped by Pyotr Kochetkov with a rebound.
17:52 of 3rd period - Snap shot by Dakota Joshua.
17:52 of 3rd period - Shot Blocked by Cam Fowler.
18:10 of 3rd period - Slapshot by Rasmus Andersson.
18:10 of 3rd period - Stopped by Pyotr Kochetkov with a rebound.
18:12 of 3rd period - Snap shot by David Kampf.
18:12 of 3rd period - Stopped by Pyotr Kochetkov with a rebound.
19:27 of 3rd period - Icing by Hampus Lindholm.
19:28 of 3rd period - Connor Bedard wins face-off versus Adam Ruzicka in Maple Leafs zone.
19:43 of 3rd period - Wrist shot by Nikolaj Ehlers.
19:43 of 3rd period - Shot Misses the Net.
19:55 of 3rd period - Ben Hutton is hit by Chandler Stephenson and loses puck.
Goals for this period are 1 for Maple Leafs vs 1 for Rangers.
Shots for this period are 11 for Maple Leafs vs 13 for Rangers.




Output by the SimonT Hockey Simulator (STHS) for Alexandre Lamarre - Original Page W3C HTML5 Valid
Hockey Simulator - Hockey Simulation - Hockey Manager